 Dungeon Crawl Stone Soup version 0.18.0-1-g0107ab7 (webtiles) character file.

1170573 mibe the Convoker (level 23, 183/183 HPs)
             Began as a Vampire Ice Elementalist on May 4, 2016.
             Was the Champion of Ru.
             Escaped with the Orb
             ... and 3 runes on May 6, 2016!
             The game lasted 06:46:08 (123976 turns).

mibe the Convoker (Vampire Ice Elementalist)      Turns: 123976, Time: 06:46:09

Health: 183/183    AC: 19    Str: 11    XL:     23   Next: 0%
Magic:  50/50      EV: 29    Int: 30    God:    Ru [******]
Gold:   352        SH:  0    Dex: 26    Spells: 12 memorised, 2 levels left

rFire  . . .     SeeInvis +     b - +7 Spriggan's Knife {MR+ EV+4 Dex+4 Stlth+}
rCold  + + .     Gourm    .     U - +4 leather armour "Geot" {rN++ rCorr MP+9 Dex+4}
rNeg   + + +     Faith    .     (shield unavailable)
rPois  +         Spirit   .     H - +2 helmet
rElec  .         Dismiss  .     T - +2 cloak
rCorr  +         Reflect  .     z - +2 pair of gloves {Dex+3}
SustAt .         Harm     .     r - +2 pair of boots {Stlth+}
MR     ++++.                    N - amulet of magic regeneration
Stlth  ++++......               J - ring of protection from magic
                                (ring unavailable)

@: brilliant, very slightly contaminated, regenerating slowly, repel missiles,
drained, incredibly resistant to hostile enchantments, stealthy
A: fangs 3, see invisible, strong 1, unbreathing, missing a hand, inability to
train armour, unskilled 1, missing an eye
a: Bat Form, Draw Out Power, Power Leap, Apocalypse, Renounce Religion
0: Orb of Zot
}: 3/15 runes: serpentine, barnacled, abyssal


You escaped.
You worshipped Ru.
Ru was exalted by your worship.
You were near bloodless.

You visited 8 branches of the dungeon, and saw 47 of its levels.
You visited the Abyss 2 times.
You visited 1 bazaar.
You also visited: Labyrinth, Ossuary and Ice Cave.

You collected 4841 gold pieces.
You spent 4489 gold pieces at shops.

Inventory:

Hand Weapons
 a - a +8 dagger of electrocution
 b - the +7 Spriggan's Knife (weapon) {MR+ EV+4 Dex+4 Stlth+}
   (You found it on level 2 of the Shoals)

   It affects your evasion (+4).
   It affects your dexterity (+4).
   It affects your resistance to hostile enchantments.
   It makes you more stealthy.
Armour
 r - a +2 pair of boots of stealth (worn)
 z - a +2 pair of gloves of dexterity (worn)
 H - a +2 helmet (worn)
 T - a +2 cloak (worn)
 U - the +4 leather armour "Geot" (worn) {rN++ rCorr MP+9 Dex+4}
   (You found it on level 1 of the Shoals)

   It affects your dexterity (+4).
   It greatly protects you from negative energy.
   It affects your magic capacity (+9).
   It protects you from acid and corrosion.
 X - a +1 cloak
Rods
 B - a +0 lightning rod (9/9)
   (You found it on level 5 of the Depths)
Jewellery
 J - a ring of protection from magic (right hand)
 N - an amulet of magic regeneration (around neck)
 O - the ring "Daosic" {rF+++ rC+ Str-2 Dex+3 Slay-4}
   (You bought it in a shop on level 9 of the Dungeon)

   [ring of protection from cold]

   It affects your strength (-2).
   It affects your dexterity (+3).
   It affects your accuracy and damage with ranged weapons and melee attacks
   (-4).
   It renders you almost immune to fire.
   It protects you from cold.
Wands
 f - a wand of heal wounds (3/9)
 j - a wand of enslavement (21/24)
 o - a wand of teleportation (4/9)
 u - a wand of disintegration (15/24)
 x - a wand of confusion (28/48)
 C - a wand of teleportation (5/9)
 D - a wand of paralysis (9/24)
 I - a wand of heal wounds (4/9)
 Q - a wand of heal wounds (2/9)
 R - a wand of iceblast (7/15)
 Y - a wand of acid (6/15)
Scrolls
 e - 4 scrolls of fog
 q - 7 scrolls of recharging
 t - 2 scrolls of silence
 y - a scroll of vulnerability
 A - a scroll of magic mapping
 F - a scroll of blinking
 G - 16 scrolls of remove curse
 K - a scroll of summoning
 M - 5 scrolls of identify
 S - 2 scrolls of fear
 Z - 4 scrolls of teleportation
Potions
 c - 5 potions of blood
 d - a potion of agility
 g - 6 potions of magic
 h - 4 potions of haste
 l - 16 potions of curing
 m - 3 potions of cancellation
 n - 3 potions of invisibility
 p - 4 potions of resistance
 s - 5 potions of brilliance
 v - a potion of cure mutation
 w - 8 potions of heal wounds
 E - 3 potions of flight
 L - 2 potions of might
Miscellaneous
 i - a fan of gales
 k - a lamp of fire
 P - a box of beasts {used: 1}
 V - a box of beasts
 W - a phial of floods


   Skills:
 + Level 15.8(15.2) Fighting
 - Level 9.4(8.9) Short Blades
 - Level 12.8(12.3) Dodging
 - Level 15.9(15.4) Stealth
 - Level 14.5(13.9) Spellcasting
   Level 5.1(4.7) Conjurations
 - Level 12.7(12.2) Hexes
 - Level 1.1(0.7) Charms
 - Level 16.5(16.0) Summonings
 - Level 11.7(11.2) Necromancy
 - Level 3.8(3.4) Translocations
 - Level 11.1(10.6) Ice Magic
 - Level 6.5(6.1) Evocations


You had 2 spell levels left.
You knew the following spells:

 Your Spells              Type           Power        Failure   Level  Hunger
a - Summon Hydra          Summ           #######...   1%          7    #####..
b - Invisibility          Hex            #######.     1%          6    ####...
c - Ozocubu's Armour      Chrm/Ice       ######..     1%          3    None
d - Simulacrum            Ice/Necr       #######...   1%          6    ####...
e - Yara's Violent Unrav  Hex/Trmt       ######....   1%          5    None
f - Shadow Creatures      Summ           N/A          1%          6    ####...
g - Passwall              Trmt/Erth      #####.....   1%          2    None
h - Ensorcelled Hibernat  Hex/Ice        ######       1%          2    None
i - Passage of Golubria   Tloc           N/A          1%          4    None
j - Repel Missiles        Chrm/Air       #####.       1%          2    None
k - Confuse               Hex            #######.     1%          3    None
l - Tukima's Dance        Hex            #######.     1%          3    None


Dungeon Overview and Level Annotations

Branches:
Dungeon (15/15)            Temple (0/1) D:7            Lair (8/8) D:8
 Shoals (4/4) Lair:6        Snake (4/4) Lair:3        Slime (0/6) Lair:7
    Orc (2/2) D:12            Elf (0/3) Orc:2        Vaults (4/5) D:14
  Crypt (0/3) Vaults:2     Depths (5/5) D:15            Zot (5/5) Depths:5

Altars:
Ashenzari
Cheibriados
Dithmenos
Fedhas
Kikubaaqudgha
Makhleb
Nemelex Xobeh
Pakellas
Qazlal
Ru
Sif Muna
Yredelemnul
Jiyva

Shops:
D:5 ?   D:9 =   D:10 (   Orc:1 (   Orc:2 }?[!!   Shoals:3 (   Snake:3 ?
Vaults:1 *   Vaults:2 (   Vaults:4 %}*   Depths:5 ?

Portals:
Hell: Depths:1 Depths:2 Depths:3 Depths:4 Depths:5
Abyss: Depths:4 Depths:5
Pandemonium: Depths:3 Depths:4
Ziggurat: Depths:2

Annotations:
D:3 Sigmund
Lair:3 1 runed door
Snake:3 exclusion: upstairs


Innate Abilities, Weirdness & Mutations

You heal slowly.
You have razor-sharp teeth.
You have supernaturally acute eyesight.
You can survive without breathing.
You are missing a hand.
You cannot train Armour skill.
You are somewhat unskilled (-1 Apt).
You are missing an eye, making it more difficult to aim.
Your muscles are strong. (Str +2)


Message History

You begin to meditate on the wall.
You continue meditating on the rock. x3
Magic restored.
You finish merging with the rock.
Unknown command.
Casting: Passwall
Confirm with . or Enter, or press ? or * to list all spells.
Which direction?
This rock feels extremely deep.
Unknown command.
Drink which item? (? for menu, Esc to quit)
You feel clever all of a sudden.
Casting: Passwall
Confirm with . or Enter, or press ? or * to list all spells.
Which direction?
You begin to meditate on the wall.
You continue meditating on the rock. x4
You finish merging with the rock.
Unknown command.
There is an open door here.
There is a staircase leading out of the dungeon here.
You have escaped!

#..# ####.##
#.....#
#.###.#
#.###'######
#.#♣≈.♣≈PP≈#
#.+.....♣≈♣#
###P≈♣.....#
#♣P♣≈♣♣.@#
#########


There were no monsters in sight!

Vanquished Creatures
  A Killer Klown (Zot:4)
  The ghost of Charmandara the Spry, a veteran MfTm of Cheibriados (Depths:2)
  A golden dragon (Zot:3)
  A lich (Depths:3)
  A tentacled monstrosity (Zot:2)
  6 Orb Guardians
  An Ice Fiend (IceCv)
  2 sphinxes
  2 death cobs
  A draconian monk (Zot:3)
  6 storm dragons
  A greater naga (Snake:4)
  2 tengu reavers
  6 fire giants
  A shadow dragon (Depths:5)
  Maud (D:13)
  A draconian knight (Zot:3)
  3 frost giants
  A draconian scorcher (Zot:3)
  6 vault wardens
  A draconian shifter (Zot:3)
  2 draconian zealots
  A draconian annihilator (Zot:3)
  A war gargoyle (Vaults:2)
  10 ironheart preservers
  10 very ugly things
  A vampire knight (Depths:1)
  A draconian caller (Zot:3)
  A green draconian (Zot:3)
  16 stone giants
  4 salamander stormcallers
  2 deep elf annihilators
  5 purple draconians
  3 black draconians
  2 white draconians (Zot:3)
  2 red draconians
  3 yellow draconians
  5 spark wasps
  6 merfolk javelineers
  13 ettins
  A deep elf death mage (Vaults:1)
  A minotaur (Lab)
  Snorg (D:14)
  9 merfolk impalers
  17 fire dragons
  10 yaktaur captains
  3 vault guards
  A jiangshi (Depths:4)
  4 rakshasas
  6 great orbs of eyes
  A catoblepas (Lair:8)
  A hydra (shapeshifter) (D:15)
  14 hydras
  16 ice dragons
  5 entropy weavers
  Harold (Lair:2)
  A merfolk aquamancer (Shoals:2)
  A merfolk avatar (Shoals:4)
  12 naga warriors
  17 centaur warriors
  8 anacondas
  2 death knights
  A satyr (Shoals:4)
  2 spriggan air magi
  2 dancing weapons (D:14)
  5 deep troll shamans
  7 ogre magi
  A thrashing horror (Abyss:4)
  9 naga sharpshooters
  10 death yaks
  A titan zombie (Depths:2)
  3 deep troll earth magi
  6 tengu warriors
  9 shock serpents
  2 spriggan berserkers
  2 deep elf knights
  2 vampire magi
  Nergalle (Lair:4)
  5 fire crabs
  8 hell knights
  3 iron trolls
  Sonja (D:14)
  A shadow wraith (Vaults:2)
  2 starcursed masses (Abyss:3)
  5 deep trolls
  7 unseen horrors
  An unseen horror (shapeshifter) (Depths:3)
  11 sea snakes
  2 flayed ghosts
  4 wizards
  6 deep elf archers
  4 naga ritualists
  4 hill giants
  A harpy (shapeshifter) (Vaults:2)
  8 ironbrand convokers
  7 mana vipers
  4 harpies
  An orb spider (shapeshifter) (D:13)
  25 ugly things
  A stone giant zombie (Depths:2)
  A wolf spider (Vaults:2)
  12 deep elf magi
  3 necromancers
  8 orc knights
  A hornet (Vaults:4)
  A fire giant zombie (Vaults:2)
  3 fauns
  A hill giant (shapeshifter) (Vaults:3)
  14 salamanders
  A shining eye (shapeshifter) (Vaults:2)
  A hornet (shapeshifter) (Depths:5)
  A tengu skeleton (Depths:2)
  3 orc sorcerers
  8 moths of wrath
  10 manticores
  20 griffons
  33 black mambas
  3 guardian serpents
  9 cyclopes
  10 elephants
  6 sirens
  2 centaur zombies
  15 naga magi
  A torpor snail (Lair:4)
  7 vault sentinels
  14 spiny frogs
  An elf zombie (Depths:2)
  3 gargoyles
  16 rime drakes
  7 komodo dragons
  2 anaconda simulacra (IceCv)
  6 kobold demonologists
  A yaktaur skeleton (Vaults:2)
  7 freezing wraiths
  46 yaktaurs
  3 ice devils (IceCv)
  2 tengu conjurers
  2 jumping spiders
  24 merfolk
  3 polar bears
  8 trolls
  A tengu simulacrum (Vaults:3)
  5 boulder beetles
  A shadow dragon simulacrum (Depths:2)
  8 slime creatures
  14 two-headed ogres
  31 blink frogs
  2 air elementals
  A shadow (D:14)
  9 snapping turtles
  An ettin skeleton (Depths:2)
  6 redbacks
  8 wraiths
  10 wyverns
  3 dire elephant simulacra (IceCv)
  2 vampires
  7 water elementals
  52 yaks
  23 hippogriffs
  A steam dragon (Lair:8)
  A hippogriff (shapeshifter) (Vaults:2)
  A human (shapeshifter) (Vaults:4)
  3 hungry ghosts
  2 yaktaur simulacra (Vaults:2)
  8 basilisks
  2 harpy simulacra (IceCv)
  3 mottled dragons
  9 vampire mosquitoes
  3 wargs
  An iron troll simulacrum (IceCv)
  5 large abominations (D:14)
  26 nagas
  3 swamp worms (D:11)
  A hell hound (Lair:5)
  16 water moccasins
  2 hydra simulacra (IceCv)
  13 porcupines
  39 orc warriors
  A swamp drake (Lair:8)
  4 sky beasts
  A wasp (D:13)
  3 necrophages
  4 ice beasts
  9 boggarts
  An eye of draining (shapeshifter) (Vaults:4)
  4 phantoms
  3 wolves (Lair:5)
  34 ogres
  22 centaurs
  21 crocodiles
  10 big kobolds
  30 giant frogs
  3 elf skeletons (D:6)
  A wyvern skeleton (D:11)
  14 scorpions
  7 small abominations (D:14)
  17 killer bees
  19 wights
  7 howler monkeys
  5 electric eels
  11 crimson imps
  9 jellies
  A draconian simulacrum (IceCv)
  2 wasp zombies
  A giant frog zombie (D:10)
  A quasit (D:11)
  10 hounds
  2 human zombies
  A giant frog skeleton (D:8)
  24 orc wizards
  11 orc priests
  4 centaur skeletons
  2 iron imps
  2 human skeletons (D:6)
  17 iguanas
  2 polar bear simulacra (IceCv)
  Natasha (twice) (D:3)
  5 troll simulacra (IceCv)
  18 worker ants
  44 sheep
  2 wolf simulacra (IceCv)
  2 centaur simulacra (IceCv)
  2 howler monkey zombies (D:5)
  A worker ant zombie (D:5)
  A howler monkey skeleton (D:9)
  2 gnolls
  26 adders
  3 naga simulacra (IceCv)
  2 ogre simulacra (IceCv)
  42 river rats
  2 shadow imps
  2 white imps (IceCv)
  6 ufetubi (IceCv)
  An ooze (D:3)
  3 adder skeletons
  2 adder zombies (D:5)
  9 worms (D:11)
  3 dart slugs
  3 giant geckos
  83 orcs
  4 giant cockroaches (D:2)
  4 goblins
  8 hobgoblins
  14 jackals
  8 quokkas
  2 ball pythons (D:2)
  16 bats
  A giant gecko skeleton (D:7)
  7 giant newts
  18 kobolds
  4 orc zombies (D:6)
  3 rats
  A butterfly (Lair:1)
  2 fungi (D:12)
1760 creatures vanquished.

Vanquished Creatures (collateral kills)
  2 juggernauts (Depths:3)
  A golden dragon (Depths:5)
  An iron giant (Depths:3)
  3 tentacled monstrosities
  Rupert (Lair:5)
  2 Orb Guardians (Zot:5)
  An Executioner (D:11)
  A sphinx (Vaults:4)
  A tengu reaver (Depths:5)
  2 shadow dragons (Depths:5)
  3 greater nagas
  Ilsuiw (Shoals:4)
  4 fire giants
  An iron dragon (Depths:5)
  4 vault wardens
  Aizul (Shoals:3)
  7 frost giants
  A draconian knight (Depths:5)
  A draconian scorcher (Zot:3)
  A draconian zealot (Depths:5)
  2 very ugly things (Depths:4)
  A draconian caller (Zot:3)
  4 ironheart preservers
  A green draconian (Depths:5)
  3 vampire knights
  6 stone giants
  A salamander stormcaller (Vaults:2)
  A deep elf demonologist (Vaults:1)
  2 purple draconians (Depths:5)
  2 spark wasps (Depths:3)
  A yellow draconian (Zot:3)
  A deep elf annihilator (Vaults:1)
  A merfolk javelineer (Shoals:4)
  4 fire dragons
  3 vault guards
  3 ettins
  Josephine (Orc:1)
  2 merfolk impalers
  2 jiangshi (Depths:4)
  6 yaktaur captains
  An ice dragon (Depths:5)
  A rakshasa (Depths:3)
  4 great orbs of eyes
  A hydra (shapeshifter) (Vaults:1)
  An entropy weaver (Depths:3)
  2 hydras
  7 naga warriors
  5 spriggan air magi
  2 merfolk avatars (Shoals:3)
  A dancing weapon (Vaults:4)
  2 merfolk aquamancers (Shoals:4)
  7 anacondas
  6 ogre magi
  A centaur warrior (Vaults:3)
  2 deep troll shamans
  5 naga sharpshooters
  A tengu warrior (Depths:3)
  6 deep troll earth magi
  5 spriggan berserkers
  2 thrashing horrors (Abyss:4)
  A sun demon (D:5)
  A deep elf knight (Vaults:2)
  2 slime creatures (Vaults:1)
  3 skeletal warriors (Vaults:1)
  2 iron trolls (Depths:1)
  7 hell knights
  3 sea snakes
  10 deep trolls
  4 giant orange brains
  4 naga ritualists
  3 hill giants (D:10)
  2 deep elf archers (Vaults:1)
  7 ironbrand convokers
  A tengu zombie (Depths:2)
  A flayed ghost (Depths:5)
  A sphinx zombie (Depths:2)
  2 orc knights
  Pikel (D:5)
  An anubis guard (shapeshifter) (Depths:1)
  3 necromancers
  4 deep elf magi
  A wizard (D:14)
  7 harpies
  6 mana vipers
  2 fauns (Shoals:3)
  4 griffons
  A hornet (shapeshifter) (Depths:2)
  12 ugly things
  5 salamanders
  A manticore (Shoals:2)
  2 moths of wrath (Zot:3)
  3 black mambas
  A siren (Shoals:1)
  An elephant (Lair:8)
  15 naga magi
  3 vault sentinels
  5 guardian serpents
  2 water nymphs
  3 ice statues
  A komodo dragon (Lair:3)
  An ice devil (IceCv)
  7 yaktaurs
  An ancient zyme (Abyss:3)
  4 freezing wraiths
  3 trolls
  A tengu conjurer (Depths:3)
  A merfolk (Shoals:3)
  12 two-headed ogres
  2 blink frogs (Lair:6)
  2 boulder beetles
  3 redbacks (Depths:3)
  3 spriggans
  5 air elementals
  11 water elementals
  5 yaks
  A dire elephant simulacrum (IceCv)
  A wraith (D:11)
  A hog (shapeshifter) (Depths:3)
  2 hippogriffs
  4 vampire mosquitoes
  2 iron troll simulacra (IceCv)
  Menkaure (D:5)
  A soldier ant (shapeshifter) (Depths:3)
  A warg (D:8)
  5 swamp worms (D:11)
  18 nagas
  A hell hound (Depths:3)
  A hydra simulacrum (IceCv)
  2 water moccasins
  The ghost of heteroy the Ruffian, an amateur VSMo of Dithmenos (D:4)
  2 slaves (D:5)
  A sky beast (D:9)
  6 orc warriors
  A black bear (D:7)
  3 wasps
  An ice beast (D:6)
  21 ogres
  An ettin simulacrum (IceCv)
  A boggart (Depths:1)
  3 centaurs
  A big kobold (D:7)
  An elf skeleton (D:6)
  2 giant frogs (D:8)
  A scorpion (D:7)
  A wight (D:9)
  10 killer bees
  5 orc priests
  2 hounds (D:11)
  A jelly (D:10)
  8 orc wizards
  An iguana (Lair:8)
  2 sheep (Lair:7)
  A naga simulacrum (IceCv)
  5 river rats
  A white imp (IceCv)
  2 ufetubi (IceCv)
  7 orcs
  A quokka (D:5)
  A giant gecko skeleton (D:5)
  A bush (D:11)
  4 plants (Depths:4)
487 creatures vanquished.

Vanquished Creatures (others)
  A spriggan defender (Depths:2)
  A black draconian (Zot:3)
  A mottled draconian (Zot:3)
  A yaktaur captain (Depths:2)
  An entropy weaver (Depths:2)
  2 hydras
  An ogre mage (Depths:2)
  A centaur warrior (D:15)
  A shock serpent (Snake:4)
  A deep elf knight (Vaults:2)
  A skeletal warrior (Vaults:1)
  An orc knight (Vaults:4)
  A griffon (Lair:8)
  2 harpies (Shoals:3)
  A centaur zombie (D:11)
  A black mamba (shapeshifter) (Depths:1)
  A centaur skeleton (D:15)
  3 yaktaurs
  A freezing wraith (Vaults:2)
  A two-headed ogre (Depths:2)
  Prince Ribbit (Lair:1)
  A frost giant simulacrum (Vaults:2)
  A yak (Lair:3)
  A wyvern (D:15)
  A slave (D:5)
  A naga (Snake:4)
  A porcupine (Lair:1)
  3 orc warriors
  4 ogres
  5 centaurs
  A giant frog (D:15)
  A scorpion (D:12)
  A giant frog zombie (D:8)
  An adder (D:5)
  5 ufetubi (IceCv)
  A worm (D:11)
  4 orcs
  A quokka (D:5)
  11 bushes
  A fire vortex (Vaults:4)
  71 fungi
  126 plants
  19 starspawn tentacle segments (Abyss:3)
286 creatures vanquished.

Grand Total: 2533 creatures vanquished

Notes
Turn   | Place    | Note
--------------------------------------------------------------
     0 | D:1      | mibe the Vampire Ice Elementalist began the quest for the Orb.
     0 | D:1      | Reached XP level 1. HP: 13/13 MP: 3/3
   133 | D:1      | Reached XP level 2. HP: 18/19 MP: 0/5
   514 | D:1      | Learned a level 2 spell: Throw Frost
   975 | D:2      | Reached XP level 3. HP: 24/24 MP: 1/6
  1350 | D:2      | Learned a level 3 spell: Ozocubu's Armour
  1483 | D:2      | Found a sparkling altar of Nemelex Xobeh.
  1639 | D:2      | Reached XP level 4. HP: 27/30 MP: 3/8
  1805 | D:2      | Found a sacrificial altar of Ru.
  1812 | D:2      | Reached skill level 1 in Charms
  1882 | D:2      | Became a worshipper of Ru the Awakened
  1946 | D:2      | Reached XP level 5. HP: 33/35 MP: 4/9
  2500 | D:3      | Found a deep blue altar of Sif Muna.
  2523 | D:3      | Noticed Natasha
  2533 | D:3      | Killed Natasha
  2533 | D:3      | Reached skill level 5 in Ice Magic
  2601 | D:3      | Noticed Sigmund
  2953 | D:3      | Noticed Natasha
  2962 | D:3      | Killed Natasha
  3757 | D:3      | Learned a level 4 spell: Summon Ice Beast
  4546 | D:4      | Reached skill level 1 in Summonings
  4552 | D:4      | Gained mutation: You are somewhat unskilled (-1 Apt). [Ru sacrifice]
  4552 | D:4      | Reached * piety under Ru
  4561 | D:4      | Reached XP level 6. HP: 30/41 MP: 7/11
  5402 | D:4      | Found a shattered altar of Ashenzari.
  5402 | D:4      | Found a snail-covered altar of Cheibriados.
  5403 | D:4      | Found a blossoming altar of Fedhas.
  5403 | D:4      | Noticed heteroy's ghost (amateur VSMo)
  5441 | D:4      | Reached skill level 2 in Summonings
  5867 | D:4      | Learned a level 2 spell: Corpse Rot
  6141 | D:4      | Found a basalt altar of Yredelemnul.
  6210 | D:4      | Reached skill level 3 in Summonings
  6257 | D:4      | Killed heteroy's ghost
  6257 | D:4      | Reached skill level 5 in Ice Magic
  6257 | D:4      | Reached XP level 7. HP: 21/46 MP: 3/13
  7358 | D:5      | Entered Level 5 of the Dungeon
  7923 | D:5      | Found Vaiwogom's Magic Scroll Shoppe.
  8028 | D:5      | Reached skill level 5 in Spellcasting
  8028 | D:5      | Reached XP level 8. HP: 39/52 MP: 10/15
  8034 | D:5      | Learned a level 4 spell: Throw Icicle
  8391 | D:5      | Noticed Pikel
  8399 | D:5      | Killed Pikel
  8584 | D:5      | Noticed Menkaure
  8648 | D:5      | Reached skill level 1 in Fighting
  9831 | D:5      | Killed Menkaure
 10493 | D:6      | Reached XP level 9. HP: 45/63 MP: 9/16
 10573 | D:5      | Bought a scroll of random uselessness for 15 gold pieces
 10573 | D:5      | Bought a scroll of identify for 30 gold pieces
 10573 | D:5      | Bought a scroll of identify for 30 gold pieces
 10573 | D:5      | Bought a scroll of identify for 30 gold pieces
 10573 | D:5      | Bought a scroll of teleportation for 45 gold pieces
 10839 | D:6      | Gained mutation: You are missing a hand. [Ru sacrifice]
 10839 | D:6      | Reached ** piety under Ru
 10839 | D:6      | Reached *** piety under Ru
 10839 | D:6      | Reached **** piety under Ru
 10919 | D:6      | Found a sand-covered staircase.
 10924 | Ossuary  | Entered an ossuary
 11668 | D:6      | Reached skill level 5 in Dodging
 12000 | D:6      | Found a shadowy altar of Dithmenos.
 12820 | D:7      | Found a staircase to the Ecumenical Temple.
 12842 | D:7      | Found a stormy altar of Qazlal.
 15552 | D:8      | Reached skill level 5 in Conjurations
 15709 | D:8      | Reached XP level 10. HP: 48/71 MP: 13/19
 15716 | D:8      | Learned a level 5 spell: Bolt of Draining
 15722 | D:8      | Reached skill level 1 in Necromancy
 16140 | D:8      | HP: 2/71 [warg (10)]
 16407 | D:8      | Noticed an unseen horror
 16845 | D:8      | Killed an unseen horror
 16992 | D:8      | Found a staircase to the Lair.
 17238 | D:8      | Reached skill level 5 in Necromancy
 17809 | D:8      | Found an oddly glowing altar of Pakellas.
 17893 | D:8      | Gained mutation: You are missing an eye, making it more difficult to aim. [Ru sacrifice]
 17893 | D:8      | Reached ***** piety under Ru
 20302 | D:9      | Reached skill level 5 in Fighting
 21545 | D:9      | Found a burning altar of Makhleb.
 21545 | D:9      | Noticed a green death
 21548 | D:9      | Noticed an orange demon
 21548 | D:9      | Noticed an orange demon
 21659 | D:9      | Found Fyxeiz's Jewellery Emporium.
 21992 | D:9      | Reached XP level 11. HP: 61/80 MP: 20/20
 22395 | D:9      | Noticed a three-headed hydra
 22452 | D:9      | Killed a three-headed hydra
 23139 | D:10     | Entered Level 10 of the Dungeon
 23609 | D:10     | Noticed a hill giant
 23627 | D:10     | Killed a hill giant
 24006 | D:10     | Noticed an unseen horror
 24030 | D:10     | Killed an unseen horror
 24665 | D:10     | Learned a level 6 spell: Invisibility
 24685 | D:10     | Reached skill level 1 in Hexes
 24690 | D:10     | Noticed a hill giant
 24699 | D:10     | Killed a hill giant
 25216 | D:10     | Found Laommestig's Antique Weapon Emporium.
 25379 | D:10     | Gained mutation: You cannot train Armour skill. [Ru sacrifice]
 25379 | D:10     | Reached ****** piety under Ru
 25496 | D:11     | Noticed a hill giant
 25630 | D:10     | Killed a hill giant
 25630 | D:10     | Reached skill level 5 in Hexes
 25977 | D:11     | Noticed a hill giant
 25982 | D:11     | Killed a hill giant
 27272 | D:11     | Reached skill level 10 in Hexes
 27993 | D:11     | Reached XP level 12. HP: 53/86 MP: 12/24
 30465 | Lair:1   | Entered Level 1 of the Lair of Beasts
 30465 | Lair:1   | Noticed Prince Ribbit
 30470 | Lair:1   | Killed Prince Ribbit
 31097 | Lair:1   | Reached skill level 1 in Short Blades
 31101 | Lair:1   | Reached skill level 5 in Stealth
 31336 | Lair:1   | Noticed a four-headed hydra
 31357 | Lair:1   | Killed a four-headed hydra
 32551 | Lair:2   | Noticed Harold
 32570 | Lair:2   | Killed Harold
 33643 | Lair:3   | Reached skill level 5 in Short Blades
 33892 | Lair:3   | Noticed a six-headed hydra
 34084 | Lair:3   | Killed a six-headed hydra
 34168 | Lair:3   | Gained mutation: You are clumsy. (Dex -2) [mutagenic glow]
 34588 | Lair:3   | Noticed a seven-headed hydra
 34976 | Lair:3   | Reached skill level 10 in Stealth
 35309 | Lair:3   | Noticed a death yak
 35312 | Lair:3   | Noticed a death yak
 35313 | Lair:3   | Noticed a death yak
 35314 | Lair:3   | Noticed a death yak
 35322 | Lair:3   | Killed a seven-headed hydra
 35332 | Lair:3   | Killed a death yak
 35517 | Lair:3   | Killed a death yak
 35519 | Lair:3   | Killed a death yak
 35519 | Lair:3   | Reached XP level 13. HP: 76/92 MP: 10/25
 35996 | Lair:3   | Found a staircase to the Snake Pit.
 36153 | Lair:3   | Found a runed door.
 37590 | Lair:4   | Noticed Nergalle
 37909 | Lair:5   | uhh
 37909 | Lair:5   | this is the best apocalypse ever
 37917 | Lair:5   | that was fucking awesome
 38092 | Lair:5   | Noticed Rupert
 38094 | Lair:5   | what to do, what to do
 39024 | Lair:6   | Found a staircase to the Shoals.
 40751 | Lair:7   | Found a labyrinth entrance.
 40786 | Lab      | Entered a labyrinth
 42121 | Lab      | FUCK
 42670 | Lab      | Noticed a minotaur
 42674 | Lab      | Killed a minotaur
 42677 | Lab      | Got a crude broad axe
 42686 | Lab      | Learned a level 2 spell: Ensorcelled Hibernation
 42706 | Lair:7   | Identified the +8 broad axe "Hellblazer" {pain, MR+} (You found it in a labyrinth)
 42729 | Lair:7   | Reached XP level 14. HP: 104/104 MP: 26/26
 42888 | Lair:7   | Found a staircase to the Slime Pits.
 42889 | Lair:7   | Found a viscous altar of Jiyva.
 42922 | Lair:7   | Reached skill level 1 in Evocations
 44923 | Lair:7   | Gained mutation: You are frail (-10% HP). [mutagenic glow]
 45051 | Lair:7   | Gained mutation: Your muscles are strong. (Str +2) [potion of beneficial mutation]
 45286 | Lair:8   | Entered Level 8 of the Lair of Beasts
 45287 | Lair:8   | Upgraded the game from 0.18-b1-22-ge198996 to 0.18-b1-23-gf76aad1
 46714 | Lair:8   | Reached skill level 5 in Evocations
 47335 | Lair:8   | Reached skill level 10 in Spellcasting
 49201 | D:12     | Learned a level 2 spell: Passwall
 49206 | D:12     | Learned a level 4 spell: Passage of Golubria
 49213 | D:12     | Learned a level 2 spell: Repel Missiles
 49224 | D:12     | Learned a level 6 spell: Shadow Creatures
 49735 | D:12     | Found a staircase to the Orcish Mines.
 49764 | D:12     | Reached XP level 15. HP: 99/99 MP: 29/29
 49889 | D:12     | Reached skill level 4 in Summonings
 50506 | Orc:1    | Entered Level 1 of the Orcish Mines
 50506 | Orc:1    | Found Jueleo's Antique Weapon Shop.
 50510 | Orc:1    | Noticed Josephine
 50987 | D:12     | Reached skill level 5 in Summonings
 51001 | Orc:1    | Killed Josephine
 51743 | Orc:2    | Entered Level 2 of the Orcish Mines
 51743 | Orc:2    | Found a staircase to the Elven Halls.
 51857 | Orc:2    | Found Fucigawn's Gadget Shop.
 52395 | Orc:2    | Reached skill level 6 in Summonings
 53590 | Orc:2    | Reached skill level 7 in Summonings
 53777 | Orc:2    | Found Leqodosi's Armour Boutique.
 53777 | Orc:2    | Found Wugis's Distillery.
 53779 | Orc:2    | Found Hefop's Distillery.
 53781 | Orc:2    | Found Ritalack's Magic Scroll Shop.
 53788 | Orc:2    | Bought a potion of cure mutation for 300 gold pieces
 53788 | Orc:2    | Lost mutation: You are clumsy. (Dex -2) [potion of cure mutation]
 53788 | Orc:2    | Lost mutation: Your muscles are strong. (Str +2) [potion of cure mutation]
 53788 | Orc:2    | Lost mutation: You are frail (-10% HP). [potion of cure mutation]
 53792 | Orc:2    | Bought a +1 pair of gloves of dexterity for 181 gold pieces
 53842 | Orc:1    | Bought a smoking long sword for 221 gold pieces
 53842 | Orc:1    | Identified the +5 long sword "Yreilie" {pain, *Drain Str+4 Dex+2} (You bought it in a shop on level 1 of the Orcish Mines)
 53886 | Orc:2    | Bought a potion of brilliance for 48 gold pieces
 53886 | Orc:2    | Bought a potion of agility for 48 gold pieces
 53886 | Orc:2    | Bought a potion of resistance for 120 gold pieces
 53886 | Orc:2    | Bought a potion of brilliance for 48 gold pieces
 53886 | Orc:2    | Bought a potion of cancellation for 96 gold pieces
 53886 | Orc:2    | Bought a potion of heal wounds for 60 gold pieces
 53886 | Orc:2    | Bought a potion of flight for 36 gold pieces
 53886 | Orc:2    | Bought a potion of curing for 36 gold pieces
 53886 | Orc:2    | Bought a potion of haste for 120 gold pieces
 53886 | Orc:2    | Bought a potion of haste for 120 gold pieces
 53888 | Orc:2    | Bought a potion of haste for 120 gold pieces
 53888 | Orc:2    | Bought a potion of curing for 36 gold pieces
 53888 | Orc:2    | Bought a potion of brilliance for 48 gold pieces
 53888 | Orc:2    | Bought a potion of brilliance for 48 gold pieces
 53888 | Orc:2    | Bought a potion of magic for 96 gold pieces
 54576 | D:13     | Reached skill level 8 in Summonings
 54739 | D:13     | Noticed Maud
 54751 | D:13     | Killed Maud
 55284 | D:14     | Noticed Sonja
 55291 | D:14     | Killed Sonja
 55291 | D:14     | Reached skill level 9 in Summonings
 55309 | D:14     | Found a gate to the Vaults.
 55625 | D:14     | Noticed Snorg
 55633 | D:14     | Killed Snorg
 55662 | D:14     | Reached skill level 10 in Summonings
 56150 | D:14     | Found a sparkling altar of Nemelex Xobeh.
 56259 | D:15     | Entered Level 15 of the Dungeon
 56648 | D:15     | Reached skill level 11 in Summonings
 56983 | D:15     | Reached skill level 1 in Translocations
 57842 | D:15     | Found a staircase to the Depths.
 57845 | D:15     | Reached XP level 16. HP: 116/116 MP: 24/30
 59206 | Snake:1  | Entered Level 1 of the Snake Pit
 63927 | Snake:1  | Reached skill level 12 in Summonings
 64218 | D:12     | Learned a level 7 spell: Summon Hydra
 65390 | Snake:3  | Found Cifirof's Magic Scroll Emporium.
 65822 | Snake:4  | Entered Level 4 of the Snake Pit
 66119 | Snake:4  | Reached XP level 17. HP: 36/122 MP: 26/32
 67078 | Snake:4  | Reached skill level 13 in Summonings
 69301 | Snake:4  | Reached skill level 14 in Summonings
 71258 | Snake:4  | Got a serpentine rune of Zot
 71527 | Shoals:1 | Entered Level 1 of the Shoals
 71695 | Shoals:2 | Identified a scroll of acquirement
 71859 | Shoals:3 | Reached skill level 15 in Summonings
 71909 | Shoals:3 | Found Lyro's Weapon Boutique.
 71994 | Shoals:3 | Found a frozen archway.
 71995 | Shoals:3 | Noticed Aizul
 72105 | Shoals:3 | Killed Aizul
 72393 | IceCv    | Entered an ice cave
 75349 | IceCv    | Noticed an Ice Fiend
 75370 | IceCv    | Killed an Ice Fiend
 75781 | Shoals:3 | Cast into level 3 of the Abyss (merfolk impaler)
 75781 | Abyss:3  | Found a corrupted altar of Lugonu.
 76191 | Abyss:3  | Found a corrupted altar of Lugonu.
 76362 | Abyss:4  | Found a corrupted altar of Lugonu.
 76390 | Abyss:4  | Found a corrupted altar of Lugonu.
 76402 | Abyss:4  | Got an abyssal rune of Zot
 76447 | Shoals:3 | Escaped the Abyss
 78495 | Lair:5   | Killed Rupert
 78495 | Lair:5   | Reached skill level 16 in Summonings
 79364 | Lair:4   | Killed Nergalle
 80143 | Shoals:1 | Got a sheer robe
 80886 | Shoals:1 | Got a distressingly furry leather armour
 81180 | Shoals:1 | Identified the cursed +1 robe "Lingel" {rF+ Dex+2 Slay-3} (You found it on level 1 of the Shoals)
 81191 | Shoals:1 | Identified the +4 leather armour "Geot" {rN++ rCorr MP+9 Dex+4} (You found it on level 1 of the Shoals)
 81310 | Shoals:1 | Reached XP level 18. HP: 129/129 MP: 33/33
 82177 | Shoals:3 | Got a faintly glowing ring mail
 82188 | Shoals:3 | Identified the cursed +0 ring mail of Classification {*Drain rF+ MP+9} (You found it on level 3 of the Shoals)
 82779 | Shoals:4 | Entered Level 4 of the Shoals
 82952 | Shoals:4 | Noticed Ilsuiw
 83114 | Shoals:4 | Killed Ilsuiw
 83948 | Shoals:4 | Reached skill level 10 in Dodging
 84273 | Shoals:3 | harpy fight
 84971 | Shoals:4 | Got a barnacled rune of Zot
 85666 | D:14     | Upgraded the game from 0.18-b1-23-gf76aad1 to 0.18.0-1-g0107ab7
 85668 | Vaults:1 | Entered Level 1 of the Vaults
 85792 | Vaults:1 | Found Vuecehog's Assorted Antiques.
 85823 | Vaults:1 | Bought a scroll of identify for 68 gold pieces
 85862 | Vaults:1 | Gained mutation: Your muscles are strong. (Str +2) [potion of beneficial mutation]
 86038 | D:9      | Bought the ring "Daosic" {rF+++ rC+ Str-2 Dex+3 Slay-4} for 679 gold pieces
 88493 | Vaults:1 | Learned a level 6 spell: Simulacrum
 89784 | Vaults:1 | Reached XP level 19. HP: 133/138 MP: 33/34
 91461 | Vaults:2 | Found Coskoar's Antique Weapon Shoppe.
 91486 | Vaults:2 | Found a staircase to the Crypt.
 91486 | Vaults:2 | Found a basalt altar of Yredelemnul.
 91487 | Vaults:2 | Found an ancient bone altar of Kikubaaqudgha.
 91505 | Vaults:2 | Got a fine leather armour
 91506 | Vaults:2 | Identified the +0 leather armour of Pessimism {rF- rC+ Dex+2} (You found it on level 2 of the Vaults)
 97924 | Vaults:3 | Reached skill level 10 in Necromancy
100397 | Vaults:3 | Reached XP level 20. HP: 137/146 MP: 36/36
100862 | Vaults:4 | Found Jegyoss's Gadget Shoppe.
101027 | Vaults:4 | Found Utilyka's Food Shoppe.
101427 | Vaults:4 | Reached skill level 10 in Ice Magic
101730 | Vaults:4 | Found Fudumet's General Store.
101849 | Vaults:4 | Bought a scroll of torment for 142 gold pieces
102501 | Vaults:4 | Learned a level 5 spell: Yara's Violent Unravelling
102514 | Vaults:4 | Noticed an ancient lich
103624 | Depths:1 | Entered Level 1 of the Depths
103625 | Depths:1 | what do
104418 | Depths:1 | Found a gateway to Hell.
105505 | Depths:2 | Found a gateway to a ziggurat.
105534 | Depths:2 | Found a flickering gateway to a bazaar.
105605 | Bazaar   | Entered a bazaar
105607 | Bazaar   | Found Saenuanku's Antique Armour Boutique.
105611 | Bazaar   | Found Giyfa's Distillery.
105611 | Bazaar   | Found Joykic's Assorted Antiques.
105612 | Bazaar   | Found Wiluu's Antique Armour Boutique.
105640 | Bazaar   | Bought a scorched helmet for 209 gold pieces
105640 | Bazaar   | Bought a pair of embroidered boots for 99 gold pieces
105650 | Bazaar   | Identified the +0 helmet of Toheled {rC+} (You bought it in a shop in a bazaar)
105684 | Bazaar   | Bought a ring of protection for 30 gold pieces
105684 | Bazaar   | Bought a warped long sword for 127 gold pieces
105684 | Bazaar   | Identified the +5 long sword "Bilein" {freeze, rC+ MP+9} (You bought it in a shop in a bazaar)
105726 | Bazaar   | Bought a potion of resistance for 110 gold pieces
105726 | Bazaar   | Bought a potion of curing for 33 gold pieces
105726 | Bazaar   | Bought a potion of magic for 88 gold pieces
105726 | Bazaar   | Bought a potion of flight for 33 gold pieces
105726 | Bazaar   | Bought a potion of haste for 110 gold pieces
105726 | Bazaar   | Bought a potion of heal wounds for 55 gold pieces
105726 | Bazaar   | Bought a potion of curing for 33 gold pieces
105726 | Bazaar   | Bought a potion of curing for 33 gold pieces
105726 | Bazaar   | Bought a potion of cure mutation for 275 gold pieces
105800 | Depths:2 | Noticed Charmandara's ghost (veteran MfTm)
107487 | Depths:2 | Learned a level 3 spell: Confuse
108873 | Depths:2 | Reached XP level 21. HP: 152/152 MP: 38/38
108876 | Depths:2 | Reached skill level 10 in Fighting
110490 | Depths:2 | Reached skill level 15 in Stealth
111023 | Depths:2 | Killed Charmandara's ghost
111500 | Depths:3 | Found a one-way gate leading to the halls of Pandemonium.
112114 | Depths:3 | Noticed a juggernaut
112157 | Depths:3 | Noticed a juggernaut
112748 | Depths:3 | Noticed an iron giant
113119 | Depths:3 | Killed a juggernaut
113137 | Depths:3 | Killed an iron giant
113220 | Depths:3 | Got a twisted short sword
113221 | Depths:3 | Identified the +4 short sword "Secret Weapon" {freeze, rElec rN+} (You found it on level 3 of the Depths)
114024 | Depths:4 | Found a one-way gate to the infinite horrors of the Abyss.
114197 | Depths:3 | Killed a juggernaut
114344 | Depths:3 | Learned a level 3 spell: Tukima's Dance
115652 | Depths:5 | Entered Level 5 of the Depths
115715 | Depths:5 | Found Govoahy's Magic Scroll Shop.
116218 | Depths:4 | Reached XP level 22. HP: 152/165 MP: 40/40
116400 | Depths:5 | Noticed a golden dragon
116406 | Depths:5 | Killed a golden dragon
116444 | Depths:5 | Found a gate to the Realm of Zot.
117487 | Depths:5 | Bought a scroll of blinking for 90 gold pieces
117487 | Depths:5 | Bought a scroll of magic mapping for 42 gold pieces
117558 | Zot:1    | Entered Level 1 of the Realm of Zot
118285 | Zot:3    | Noticed an orb of fire
118286 | Zot:3    | Gained mutation: You are robust (+10% HP). [an orb of fire]
118926 | Zot:4    | Noticed a Killer Klown
118927 | Zot:4    | Killed a Killer Klown
118930 | Zot:5    | Entered Level 5 of the Realm of Zot
119082 | Zot:3    | Cast into level 4 of the Abyss (a Zot trap)
119108 | Zot:3    | Escaped the Abyss
119513 | Zot:3    | Reached skill level 15 in Fighting
121169 | Zot:3    | Noticed a golden dragon
122276 | Snake:3  | Bought a scroll of enchant weapon for 82 gold pieces
122276 | Snake:3  | Bought a scroll of recharging for 104 gold pieces
122276 | Snake:3  | Bought a scroll of teleportation for 33 gold pieces
122276 | Snake:3  | Bought a scroll of blinking for 82 gold pieces
123193 | Zot:3    | Killed a golden dragon
123286 | Zot:5    | Noticed an ancient lich
123291 | Zot:5    | Noticed a golden dragon
123295 | Zot:5    | Noticed an orb of fire
123295 | Zot:5    | Noticed an orb of fire
123296 | Zot:5    | Noticed an orb of fire
123306 | Zot:5    | Got the Orb of Zot
123577 | D:15     | Lost mutation: You are robust (+10% HP). [mutagenic glow]
123578 | D:15     | Noticed Fauw the pandemonium lord
123656 | D:11     | Reached XP level 23. HP: 61/183 MP: 41/41
123692 | D:9      | Noticed Pecejock the pandemonium lord
123976 | D:$      | Escaped with the Orb!

Skill      XL: |  1  2  3  4  5  6  7  8  9 10 11 12 13 14 15 16 17 18 19 20 21 22 |
---------------+-------------------------------------------------------------------+-----
Ice Magic      | 4 4 5 6 9 11 | 11.1
Spellcasting   | 3 4 5 6 8 10 11 12 13 14 | 14.5
Charms         | 1 |  1.1
Summonings     | 1 3 11 12 16 | 16.5
Stealth        | 2 4 10 11 13 14 15 | 15.9
Conjurations   | 2 5 |  5.1
Fighting       | 3 4 5 7 8 9 12 15 | 15.8
Dodging        | 4 5 6 7 9 11 12 | 12.8
Necromancy     | 6 10 11 | 11.7
Hexes          | 10 12 | 12.7
Short Blades   | 6 9 |  9.4
Evocations     | 6 |  6.5
Translocations | 2 3 |  3.8

Action                   |  1- 3 |  4- 6 |  7- 9 | 10-12 | 13-15 | 16-18 | 19-21 | 22-24 || total
-------------------------+-------+-------+-------+-------+-------+-------+-------+-------++-------
Melee: Unarmed           |     1 |       |       |       |       |       |       |       ||     1
       Dagger            |    13 |    16 |       |   961 |  1826 |  1823 |   234 |    75 ||  4948
       Rapier            |       |    80 |   229 |       |       |       |       |       ||   309
       Bite              |       |     8 |    41 |    77 |   156 |   321 |   428 |    97 ||  1128
       Scimitar          |       |       |    46 |     6 |       |       |       |       ||    52
       War axe           |       |       |    21 |       |       |       |       |       ||    21
       Knife             |       |       |       |       |       |   717 |  2030 |   450 ||  3197
 Cast: Freeze            |    31 |    86 |   185 |    61 |    13 |       |       |       ||   376
       Throw Frost       |       |     3 |       |       |       |       |       |       ||     3
       Ozocubu's Armour  |       |     2 |     2 |    17 |    15 |     3 |     1 |     1 ||    41
       Summon Ice Beast  |       |     1 |    24 |    63 |    26 |     2 |       |       ||   116
       Bolt of Draining  |       |       |       |    25 |       |       |       |       ||    25
       Throw Icicle      |       |       |       |    31 |       |       |       |       ||    31
       Invisibility      |       |       |       |    14 |    48 |    28 |    44 |    16 ||   150
       Ensorcelled Hiber |       |       |       |       |    21 |     3 |     3 |       ||    27
       Repel Missiles    |       |       |       |       |     3 |    15 |     6 |     1 ||    25
       Passwall          |       |       |       |       |     2 |    23 |    22 |    35 ||    82
       Shadow Creatures  |       |       |       |       |       |   159 |    70 |    14 ||   243
       Summon Hydra      |       |       |       |       |       |    67 |   111 |    33 ||   211
       Passage of Golubr |       |       |       |       |       |     6 |       |    18 ||    24
       Corpse Rot        |       |       |       |       |       |     1 |       |       ||     1
       Simulacrum        |       |       |       |       |       |       |    38 |     9 ||    47
       Yara's Violent Un |       |       |       |       |       |       |     2 |       ||     2
       Confuse           |       |       |       |       |       |       |       |    14 ||    14
Invok: Sacrifice Skill   |       |     1 |       |       |       |       |       |       ||     1
       Draw Out Power    |       |       |     2 |     1 |     1 |    18 |     5 |     3 ||    30
       Sacrifice a Hand  |       |       |     1 |       |       |       |       |       ||     1
       Power Leap        |       |       |       |     8 |     4 |     4 |     4 |     3 ||    23
       Sacrifice an Eye  |       |       |       |     1 |       |       |       |       ||     1
       Sacrifice Durabil |       |       |       |     1 |       |       |       |       ||     1
       Apocalypse        |       |       |       |       |     1 |     1 |     2 |       ||     4
 Abil: End Transformatio |       |     4 |       |     4 |     6 |     3 |     1 |       ||    18
       Bat Form          |       |     4 |       |     4 |     6 |     3 |     1 |       ||    18
Evoke: Fan of gales      |       |       |       |       |     1 |       |       |       ||     1
       Wand              |       |       |       |       |       |     5 |       |    14 ||    19
       Phial of floods   |       |       |       |       |       |       |     1 |       ||     1
       Box of beasts     |       |       |       |       |       |       |       |     1 ||     1
  Use: Scroll            |       |     4 |     5 |    21 |    15 |    24 |    15 |    10 ||    94
       Potion            |       |     4 |    10 |    25 |    25 |    38 |    29 |    18 ||   149
 Stab: Sleeping          |     6 |     4 |    14 |    40 |   109 |    83 |    86 |    27 ||   369
       Distracted        |       |     1 |     2 |     3 |    19 |    59 |    86 |    18 ||   188
       Invisible         |       |       |     4 |    49 |   163 |    86 |   186 |    56 ||   544
       Paralysed         |       |       |       |     7 |     8 |    18 |    10 |     2 ||    45
       Petrifying        |       |       |       |       |     1 |       |       |       ||     1
       Petrified         |       |       |       |       |     1 |       |       |       ||     1
       Confused          |       |       |       |       |       |     1 |       |     6 ||     7
Armor: Leather armour    |     8 |    31 |    21 |       |       |   138 |   254 |    82 ||   534
       Robe              |       |       |    47 |   182 |   267 |   202 |       |       ||   698
Dodge: Dodged            |    25 |   107 |   273 |   778 |   919 |  1554 |  1470 |   404 ||  5530
       Deflected         |       |       |       |       |    19 |    52 |    24 |     3 ||    98
